 Dungeon Sprint DCSS version 0.31.0 (webtiles) character file.

Game seed: 8458100114299325984

1701 Groucho the Eye of the Storm (level 9, -4/60 HPs)
             Began as a Gargoyle Fighter on Jan 19, 2024.
             Was a Priest of Qazlal.
             Slain by a molten gargoyle
             ... wielding a +0 flail
              (7 damage)
             ... in the Dungeon (Sprint VII: "The Pits").
             The game lasted 00:04:03 (1792 turns).

Groucho the Eye of the Storm (Gargoyle Fighter)     Turns: 1792, Time: 00:04:04

Health: -4/60      AC: 22    Str: 24    XL:     9   Next: 3%
Magic:  9/17       EV:  8    Int:  9    God:    Qazlal [***...]
Gold:   0          SH: 10    Dex:  9    Spells: 8/8 levels left

rFire   . . .        a - +2 hand axe
rCold   . . .        c - +0 buckler
rNeg    + . .        f - +2 plate armour
rPois   ∞            (no helmet)
rElec   +            (no cloak)
rCorr   .            (no gloves)
SInv    .            (no boots)
Will    .....        (no amulet) Stlth
                     (no ring)
HPRegen 0.30/turn    (no ring)
MPRegen 0.15/turn

%: no teleportation
@: no status effects
A: sickness immunity, AC +6, negative energy resistance 1, electricity
resistance, torment resistance 1, petrification resistance
a: Renounce Religion, Upheaval, Elemental Force


You were in the Dungeon.
You worshipped Qazlal.
Qazlal was most pleased with you.
You visited 1 branch

Inventory:

Hand Weapons
 a - a +2 hand axe (weapon)
 k - a +2 mace
Missiles
 p - 10 stones (quivered)
Armour
 c - a +0 buckler (worn)
 f - a +2 plate armour (worn)
Scrolls
 j - a scroll of blinking
 m - 2 scrolls of vulnerability
 n - 5 scrolls of amnesia
 o - a scroll of butterflies
Potions
 d - a potion of might
 e - 6 potions of curing
 g - a potion of haste
 h - 4 potions of magic
 i - 3 potions of berserk rage
 l - 2 potions of invisibility


   Skills:
 + Level 9.1 Fighting
 + Level 7.2 Axes
 + Level 8.8 Armour
 + Level 6.1 Dodging
 + Level 8.9 Shields
 * Level 11.2 Invocations


You had 8 spell levels left.
You didn't know any spells.
Your spell library was empty.

Dungeon Overview and Level Annotations

Branches:
Dungeon (1/1)

Altars:
Ashenzari
Cheibriados
Dithmenos
Elyvilon
Fedhas
Gozag
Hepliaklqana
Kikubaaqudgha
Makhleb
Nemelex Xobeh
Okawaru
Qazlal
Ru
Sif Muna
Trog
Uskayaw
Vehumet
Wu Jian
Xom
Yredelemnul
Zin
The Shining One
Jiyva
Lugonu


Innate Abilities, Weirdness & Mutations

You are immune to sickness and miasma.
Your stone body is resilient. (AC +6)
You are immune to poison.
You resist negative energy. (rN+)
You are resistant to electric shocks. (rElec)
You are resistant to unholy torment.
You are immune to petrification.


Message History

The molten gargoyle is lightly damaged.
The molten gargoyle hits you but does no damage.
You feel much better.
The molten gargoyle blasts magma at you!
The bolt of magma hits you!
Unknown command.
Unknown command.
You hit the molten gargoyle but do no damage.
The molten gargoyle is lightly damaged.
The molten gargoyle hits you but does no damage.
Unknown command.
Unknown command.
You hit the molten gargoyle.
The molten gargoyle is moderately damaged.
The molten gargoyle hits you but does no damage.
You hit the molten gargoyle.
The molten gargoyle is moderately damaged.
The molten gargoyle hits you but does no damage.
Unknown command.
You barely miss the molten gargoyle.
The molten gargoyle is moderately damaged.
The molten gargoyle blasts magma at you!
The bolt of magma hits you!
* * * LOW HITPOINT WARNING * * *
Unknown command.
You feel much better.
The molten gargoyle hits you with a +0 flail.
You are engulfed in flames!
You hit the molten gargoyle but do no damage.
The molten gargoyle is moderately damaged.
The molten gargoyle hits you with a +0 flail.
You are engulfed in flames!
* * * LOW HITPOINT WARNING * * *
You barely miss the molten gargoyle.
The molten gargoyle is moderately damaged.
The molten gargoyle is engulfed in freezing vapours.
The molten gargoyle hits you with a +0 flail!
* * * LOW HITPOINT WARNING * * *
You are engulfed in flames!
You die...

#.####'##'###...<...#
#.#........##.......#
#)#........##.......#
#)###########.......#
#.......#..##########
#.......#.######
#...#...#.#....#
#..###..#†#....#
#...#...#.@9...+
#.......#'#)...#
#.......'.#....#
################


You could see a molten gargoyle.

Vanquished Creatures
  A gargoyle (D)
  An ice devil (D)
  A glass eye (D)
  2 fire bats (D)
  2 water moccasins (D)
  A sky beast (D)
  An ogre (D)
  A phantom (D)
  2 scorpions (D)
  A quasit (D)
  A hound (D)
  Jessica (D)
  A mummy (D)
  A gnoll (D)
  An adder skeleton (D)
  An orc (D)
  2 quokkas (D)
  A quokka skeleton (D)
22 creatures vanquished.

Vanquished Creatures (others)
  An adder (D)
1 creature vanquished.

Grand Total: 23 creatures vanquished

Notes
Turn   | Place    | Note
-------+----------+-------------------------------------------
     0 | D        | Groucho the Gargoyle Fighter began the quest for the Orb.
     0 | D        | Reached XP level 1. HP: 14/14 MP: 1/1
    48 | D        | Found a glowing golden altar of the Shining One.
    48 | D        | Found a glowing silver altar of Zin.
    48 | D        | Found a basalt altar of Yredelemnul.
    48 | D        | Found a shimmering altar of Xom.
    48 | D        | Found an ornate altar of the Wu Jian Council.
    48 | D        | Found a bloodstained altar of Trog.
    48 | D        | Found a shimmering blue altar of Sif Muna.
    48 | D        | Found a sacrificial altar of Ru.
    48 | D        | Found a stormy altar of Qazlal.
    48 | D        | Found an iron altar of Okawaru.
    48 | D        | Found a sparkling altar of Nemelex Xobeh.
    48 | D        | Found a burning altar of Makhleb.
    48 | D        | Found a viscous altar of Jiyva.
    48 | D        | Found a hazy altar of Hepliaklqana.
    48 | D        | Found an opulent altar of Gozag.
    48 | D        | Found a blossoming altar of Fedhas.
    48 | D        | Found a white marble altar of Elyvilon.
    48 | D        | Found a shadowy altar of Dithmenos.
    48 | D        | Found a snail-covered altar of Cheibriados.
    49 | D        | Found a radiant altar of Vehumet.
    49 | D        | Found a corrupted altar of Lugonu.
    50 | D        | Found an ancient bone altar of Kikubaaqudgha.
    50 | D        | Found a hide-covered altar of Uskayaw.
    50 | D        | Found a broken altar of Ashenzari.
    61 | D        | Became a worshipper of Qazlal Stormbringer
    92 | D        | Reached skill level 1 in Dodging
    92 | D        | Reached skill level 1 in Invocations
    92 | D        | Reached XP level 2. HP: 20/20 MP: 1/3
   383 | D        | Reached * piety under Qazlal
   387 | D        | Reached skill level 2 in Invocations
   390 | D        | Noticed a scorpion
   390 | D        | Noticed a glass eye
   390 | D        | Noticed a scorpion
   412 | D        | Killed a scorpion
   413 | D        | Reached skill level 4 in Invocations
   413 | D        | Reached XP level 3. HP: 22/24 MP: 3/6
   413 | D        | Reached XP level 4. HP: 28/30 MP: 3/7
   421 | D        | Killed a scorpion
   421 | D        | Reached ** piety under Qazlal
   422 | D        | Reached skill level 5 in Fighting
   422 | D        | Reached skill level 5 in Armour
   422 | D        | Reached skill level 5 in Shields
   422 | D        | Reached skill level 5 in Invocations
   422 | D        | Reached XP level 5. HP: 23/35 MP: 4/8
   453 | D        | Killed a glass eye
   454 | D        | Reached skill level 7 in Invocations
   454 | D        | Reached XP level 6. HP: 39/42 MP: 8/11
   740 | D        | Noticed a water moccasin
   741 | D        | Noticed Jessica
   749 | D        | Killed Jessica
   750 | D        | Reached skill level 5 in Axes
   751 | D        | Reached skill level 8 in Invocations
   753 | D        | Noticed a sky beast
   765 | D        | Killed a water moccasin
   765 | D        | Reached *** piety under Qazlal
   766 | D        | Reached XP level 7. HP: 45/48 MP: 4/13
   793 | D        | Reached skill level 5 in Dodging
   793 | D        | Reached skill level 9 in Invocations
  1114 | D        | Noticed a fire bat
  1120 | D        | Killed a fire bat
  1121 | D        | Reached XP level 8. HP: 46/54 MP: 13/15
  1122 | D        | Noticed an ice devil
  1133 | D        | Killed an ice devil
  1134 | D        | Reached skill level 10 in Invocations
  1638 | D        | Reached **** piety under Qazlal
  1774 | D        | Noticed a gargoyle
  1775 | D        | Noticed a molten gargoyle
  1778 | D        | Killed a gargoyle
  1779 | D        | Reached skill level 11 in Invocations
  1779 | D        | Reached XP level 9. HP: 55/60 MP: 13/17
  1792 | D        | HP: 3/60 [molten gargoyle/+0 flail (12)]
  1792 | D        | Slain by a molten gargoyle

Illustrated notes

Levels and vault maps discovered:
D:        pitsprint [storerooms_1, entrance_room_1, metal_vault_8, armoury_1,
          mini_pit_1, grid_room_1, main_hall_1, silver_pit, the_coven_2,
          the_vestibule_1, steel_vault_1, golden_pit, hallway_of_sentries,
          crystal_vault_1, iron_vault_5, final_vault]

Skill      XL: |  1  2  3  4  5  6  7  8 |
---------------+-------------------------+-----
Axes           | 2 3 4 5 6 7 |  7.2
Dodging        | 1 2 3 4 5 6 |  6.1
Invocations    | 1 4 5 7 8 9 11 | 11.2
Fighting       | 4 5 6 7 8 9 |  9.1
Shields        | 4 5 6 7 8 |  8.9
Armour         | 4 5 6 7 8 |  8.8

Action                     |  1- 3 |  4- 6 |  7- 9 || total
---------------------------+-------+-------+-------++-------
  Melee: Hand axe          |    33 |    56 |    67 ||   156
         War axe           |     5 |       |       ||     5
 Invoke: Upheaval          |       |     3 |     9 ||    12
    Use: Potion            |     1 |       |     5 ||     6
 Armour: Scale mail        |    26 |     3 |       ||    29
         Plate armour      |       |    20 |    60 ||    80
  Dodge: Dodged            |    15 |    12 |    16 ||    43
  Block: Buckler           |    20 |    12 |    24 ||    56
